 Dungeon Crawl Stone Soup version 0.25-a0-614-g73ad250637 (webtiles) character file.

Game seed: 15778414895211426885, levelgen mode: deterministic

457 kae the Insei (level 6, -8/51 HPs)
             Began as a Demonspawn Monk on Mar 17, 2020.
             Was a Believer of Wu Jian.
             Mangled by Menkaure (18 damage)
             ... on level 5 of the Dungeon.
             The game lasted 00:03:39 (4968 turns).

kae the Insei (Demonspawn Monk)                     Turns: 4968, Time: 00:03:39

Health: -8/51      AC:  4    Str: 16    XL:     6   Next: 77%
Magic:  6/6        EV: 13    Int: 11    God:    Wu Jian [**....]
Gold:   80         SH:  0    Dex: 16    Spells: 5/5 levels left

rFire    . . .     SeeInvis .     - Unarmed
rCold    . . .     Gourm    .   (no shield)
rNeg     . . .     Faith    .   a - +0 robe
rPois    .         Spirit   .   (no helmet)
rElec    .         Reflect  .   (no cloak)
rCorr    .         Harm     .   (no gloves)
MR       .....                  (no boots)
Stlth    ++........             (no amulet)
HPRegen  0.17/turn              i - +3 ring of strength
MPRegen  0.10/turn              l - ring of attention (curse)

@: lightly drained
A: claws 1, iridescent scales 1, demonic guardian 1, nightstalker 1
a: Wall Jump, Renounce Religion


You were on level 5 of the Dungeon.
You worshipped Wu Jian.
Wu Jian was pleased with you.
You were not hungry.

You visited 2 branches of the dungeon, and saw 6 of its levels.

You collected 80 gold pieces.

Inventory:

Armour
 a - a +0 robe (worn)
Jewellery
 i - a +3 ring of strength (left claw)
 l - a cursed ring of attention (right claw)
 m - an uncursed ring of protection from cold
Wands
 n - a wand of digging (4)
Scrolls
 d - 5 scrolls of identify
 h - a scroll of blinking
 k - a scroll of amnesia
Potions
 c - 2 potions of degeneration
 e - 2 potions of ambrosia
 j - a potion of cancellation
Comestibles
 b - 6 rations
 f - 3 chunks of flesh


   Skills:
 + Level 5.0(4.9) Fighting
 - Level 2.6(2.5) Dodging
 - Level 1.7(1.6) Stealth
 * Level 6.0(5.8) Unarmed Combat


You had 5 spell levels left.
You didn't know any spells.
Your spell library was empty.

Dungeon Overview and Level Annotations

Branches:
Dungeon (5/15)             Temple (1/1) D:4

Altars:
Ashenzari
Cheibriados
Dithmenos
Elyvilon
Fedhas
Gozag
Hepliaklqana
Kikubaaqudgha
Makhleb
Nemelex Xobeh
Okawaru
Qazlal
Ru
Sif Muna
Trog
Uskayaw
Vehumet
Wu Jian
Xom
Yredelemnul
The Shining One

Shops:
D:4 :

Annotations:
D:5 Menkaure


Innate Abilities, Weirdness & Mutations

You have sharp fingernails.
You are partially covered in iridescent scales. (AC +2)
A weak demonic guardian rushes to your aid.
You are slightly more attuned to the shadows.


Message History

You scratch Menkaure.
Menkaure is lightly damaged.
You scratch Menkaure but do no damage.
Menkaure is lightly damaged.
Menkaure hits you!
You scratch Menkaure.
Menkaure is moderately damaged.
You claw Menkaure!
Menkaure is severely damaged.
Menkaure misses you.
You scratch Menkaure.
Menkaure is severely damaged.
Menkaure hits you!
* * * LOW HITPOINT WARNING * * *
You scratch Menkaure.
Menkaure is almost destroyed.
You scratch Menkaure but do no damage.
Menkaure is almost destroyed.
Menkaure hits you!!
You die...

#### #..
#M# #@#
#5# #.#
#.# #.#
#.# ###.##
#+##
#....##
##...##
#.#...##
##...ยง.##


You could see Menkaure and a friendly white imp.

Vanquished Creatures
  A scorpion (D:4)
  A howler monkey (D:4)
  An orc priest (D:3)
  2 hounds (D:4)
  A worker ant (D:5)
  3 iguanas (D:4)
  2 orc wizards
  2 adders
  An ooze (D:1)
  3 worms
  A leopard gecko (D:3)
  14 orcs
  4 ball pythons
  A giant cockroach (D:4)
  8 goblins
  2 hobgoblins
  14 jackals
  3 quokkas
  4 bats
  4 frilled lizards
  A jackal skeleton (D:4)
  6 kobolds
  6 rats
85 creatures vanquished.

Vanquished Creatures (collateral kills)
  An orc wizard (D:4)
  An orc (D:4)
2 creatures vanquished.

Grand Total: 87 creatures vanquished

Notes
Turn   | Place    | Note
-------+----------+-------------------------------------------
     0 | D:1      | kae the Demonspawn Monk began the quest for the Orb.
     0 | D:1      | Reached XP level 1. HP: 18/18 MP: 1/1
   262 | D:1      | Reached skill level 3 in Unarmed Combat
   371 | D:1      | Gained mutation: You have sharp fingernails. [demonic
                  | ancestry]
   371 | D:1      | Reached XP level 2. HP: 20/24 MP: 2/2
  1165 | D:2      | Reached XP level 3. HP: 29/29 MP: 3/3
  1375 | D:2      | Found a stormy altar of Qazlal.
  1939 | D:3      | Reached skill level 4 in Unarmed Combat
  1956 | D:3      | Gained mutation: You are partially covered in iridescent
                  | scales. (AC +2) [demonic ancestry]
  1956 | D:3      | Reached XP level 4. HP: 23/37 MP: 4/4
  3175 | D:4      | Gained mutation: You are slightly more attuned to the
                  | shadows. [demonic ancestry]
  3175 | D:4      | Reached XP level 5. HP: 39/42 MP: 5/5
  3601 | D:4      | Reached skill level 5 in Unarmed Combat
  3751 | D:4      | Gained mutation: A weak demonic guardian rushes to your
                  | aid. [demonic ancestry]
  3751 | D:4      | Reached XP level 6. HP: 48/49 MP: 6/6
  3780 | D:4      | Found a staircase to the Ecumenical Temple.
  3826 | D:4      | Found Vihutaf's Book Shop.
  3890 | Temple   | Entered the Ecumenical Temple
  4007 | Temple   | Became a worshipper of the Wu Jian Council
  4007 | Temple   | Reached * piety under Wu Jian
  4007 | Temple   | Reached ** piety under Wu Jian
  4929 | D:5      | Entered Level 5 of the Dungeon
  4948 | D:5      | Reached skill level 5 in Fighting
  4948 | D:5      | Reached skill level 6 in Unarmed Combat
  4959 | D:5      | Noticed Menkaure
  4968 | D:5      | Mangled by Menkaure

Levels and vault maps discovered:
D:1:      minmay_arrival_loop, layout_loops_corners, chequers_decorated_corner
D:2:      layout_loops_ring, grunt_qazlal_sundering
D:3:      layout_loops_ring, first_ration, chequers_serial_rivers_marsh,
          minivault_23, roderic_roman_lattice
D:4:      layout_basic, minmay_temple_entry_statues, serial_shops, shop,
          hangedman_feature_mirror, minmay_distorted
D:5:      layout_loops_corners, zin_purify, ashenzari_altar_1, uniq_menkaure
Temple:   kilobyte_greek_temple

Skill      XL: |  1  2  3  4  5  6 |
---------------+-------------------+-----
Unarmed Combat | 3 4 5 6 |  6.0
Fighting       | 4 5 |  5.0
Dodging        | |  2.6
Stealth        | |  1.7

Action                   |  1- 3 |  4- 6 || total
-------------------------+-------+-------++-------
Melee: Unarmed           |   138 |   174 ||   312
       Punch             |     4 |     3 ||     7
Invok: Lunge             |       |     7 ||     7
       Whirlwind         |       |     2 ||     2
  Use: Scroll            |     2 |     7 ||     9
 Stab: Sleeping          |     6 |     5 ||    11
  Eat: Chunk             |     3 |    10 ||    13
Armor: Robe              |    15 |    14 ||    29
Dodge: Dodged            |    80 |    94 ||   174

Table legend:
 A = Non-vault XP
 B = Vault XP
 C = Vault XP percentage of total XP
 D = Non-vault monster count
 E = Vault monster count
 F = Vault count percentage of total count
                 A         B        C        D         E       F
            +---------+---------+-------+---------+---------+-------
      Total |     594 |      59 |   9.0 |      85 |       2 |   2.3
            +---------+---------+-------+---------+---------+-------
        D:1 |      35 |       0 |   0.0 |      19 |       0 |   0.0
        D:2 |      72 |       0 |   0.0 |      15 |       0 |   0.0
        D:3 |      88 |       0 |   0.0 |      17 |       0 |   0.0
        D:4 |     362 |      59 |  14.0 |      33 |       2 |   5.7
        D:5 |      37 |       0 |   0.0 |       1 |       0 |   0.0
            +---------+---------+-------+---------+---------+-------
